 Dungeon Sprint DCSS version 0.18-a0-1435-gee79d65 (webtiles) character file.

4 geek the Skirmisher (level 1, -7/18 HPs)
             Began as a Mummy Chaos Knight on Feb 28, 2016.
             Killed by the capriciousness of Xom (25 damage)
             ... in the Dungeon (Sprint IX: "|||||||||||||||||||||||||||||").
             The game lasted 00:02:01 (9967 turns).

geek the Skirmisher (Mummy Chaos Knight)            Turns: 9967, Time: 00:02:01

Health: -7/18      AC:  5    Str: 15    XL:     1   Next: 58%
Magic:  1/1        EV: 11    Int: 11    God:    Xom [.....*]
Gold:   30         SH:  0    Dex: 11    Spells: 0 memorised, 0 levels left

rFire  x . .     SeeInvis .     a - +0 falchion (chaos)
rCold  + . .     Gourm    .     b - +2 leather armour
rNeg   + + +     Faith    .     (no shield)
rPois  ∞         Spirit   .     (no helmet)
rElec  .         Dismiss  .     (no cloak)
rCorr  .         Reflect  .     (no gloves)
SustAt .         Harm     .     (no boots)
MR     .....     NoTele   +     (no amulet)
Stlth  +.........               (no ring)
                                (no ring)

@: not resistant to hostile enchantments, very unstealthy
A: no food or potions, fire vulnerability, cold resistance 1, negative energy
resistance 3, torment resistance, unbreathing
a: Renounce Religion


You were in the Dungeon.
You worshipped Xom.
You were a BORING thing.
You were not hungry.

You visited 1 branch You collected 30 gold pieces.

Inventory:

Hand Weapons
 a - a +0 falchion of chaos (weapon)
Missiles
 d - 35 stones (quivered)
Armour
 b - a +2 leather armour (worn)
 e - a +0 scale mail
Scrolls
 c - a scroll of blinking


   Skills:
 + Level 3.3 Fighting
 + Level 3.0 Long Blades
 + Level 2.0 Armour
 + Level 0.7 Dodging
 + Level 0.6 Stealth


You couldn't memorise any spells.
You didn't know any spells.

Dungeon Overview and Level Annotations

Branches:
Dungeon (1/1)

Altars:
Xom


Innate Abilities, Weirdness & Mutations

You do not eat or drink.
Your flesh is vulnerable to fire.
You are immune to poison.
Your flesh is cold resistant.
You are immune to negative energy.
You are immune to unholy pain and torment.
You can survive without breathing.


Message History

You start waiting.
You start waiting.
You start waiting.
You start waiting.
You start waiting.
You start waiting.
You start waiting.
You start waiting.
You start waiting.
Xom is getting BORED.
You start waiting.
You are now a BORING thing.
You start waiting.
You start waiting.
You start waiting.
Xom's attention turns to you for a moment.
You are caught in a strong localised spatial distortion.
Ouch! That really hurt!
You die...
Xom bursts into laughter!

##############
##############
##############
##############
##############
******▓▓▓▓▓▓▓▓▓▓▓▓#####
+,,,,,+...._)__%@▓#####
******▓▓▓▓▓▓▓▓▓▓▓▓#####
,, ,,,, ........▓#####
**** ** *▓▓▓▓▓▓▓.▓#####
∆∆∆∆∆∆∆∆∆+.......▓#####
* ** ***▓▓▓▓▓▓▓▓▓#####
, , ,,........▓##### **
***** ▓▓▓▓▓▓▓.▓#####
∆∆∆+ ,, ,


There were no monsters in sight!

Vanquished Creatures
  2 giant cockroaches (D)
  A jackal (D)
  3 bats (D)
  A kobold (D)
7 creatures vanquished.

Notes
Turn   | Place    | Note
--------------------------------------------------------------
     0 | D        | geek the Mummy Chaos Knight began the quest for the Orb.
     0 | D        | Reached XP level 1. HP: 18/18 MP: 1/1
   252 | D        | XOM: harmless Tloc miscast
   260 | D        | XOM: harmless Tloc miscast
   322 | D        | XOM: mild Air miscast
  1332 | D        | XOM: mild Trmt miscast
  1332 | D        | XOM: smoke on damage
  1359 | D        | XOM is BORED!
  1359 | D        | XOM: mild Hex miscast
  1612 | D        | XOM: mild Trmt miscast
  1842 | D        | XOM: god gift: 14 royal jellies
  1901 | D        | XOM: divination: detect items
  1913 | D        | XOM: god gift: scale mail {god gift}
  2272 | D        | XOM: medium Fire miscast
  2586 | D        | XOM: scenery: 1 doors open
  2702 | D        | XOM: divination: detect items
  2736 | D        | XOM: colour smoke trail
  2777 | D        | XOM: god gift: 30 gold pieces
  2828 | D        | XOM: silly message
  3150 | D        | XOM: harmless Pois miscast
  3167 | D        | XOM: colour smoke trail
  3659 | D        | XOM is BORED!
  3659 | D        | XOM: mild Erth miscast
  3662 | D        | XOM: mild Pois miscast
  4793 | D        | XOM is BORED!
  4793 | D        | XOM: medium Air miscast
  4847 | D        | XOM: scenery: create altars
  5198 | D        | XOM: mild Erth miscast
  5292 | D        | XOM: mild Necr miscast
  5673 | D        | XOM: colour smoke trail
  5735 | D        | XOM is BORED!
  5735 | D        | XOM: noise
  6007 | D        | XOM: divination: detect items
  6176 | D        | XOM: god gift: green potion
  6762 | D        | XOM: god gift: beef jerky
  6888 | D        | XOM: god gift: 9 stones
  6917 | D        | XOM: vitrification
  7085 | D        | XOM is BORED!
  7085 | D        | XOM: severe Necr miscast
  7861 | D        | XOM: divination: magic mapping
  8378 | D        | XOM: god gift: 26 stones
  9386 | D        | XOM: vitrification
  9967 | D        | XOM is BORED!
  9967 | D        | XOM: medium Tloc miscast
  9967 | D        | Killed by the capriciousness of Xom

Vault maps used:
D:        linesprint

Skill      XL: |  1 |
---------------+----+-----
Long Blades    | 3 |  3.0
Armour         | 2 |  2.0
Fighting       | |  3.3
Dodging        | |  0.7
Stealth        | |  0.6

Action                   || total
-------------------------++-------
Melee: Falchion          ||    12
